 Dungeon Crawl Stone Soup version 0.27.1-3-gb3d3a73c9e (webtiles) character file.

Game seed: 7527427091408743399

417 Urokeeper the Sneak (level 6, 0/32 HPs)
             Began as a Spriggan Brigand on Oct 12, 2021.
             Was a Follower of Wu Jian.
             Killed from afar by an orc wizard (7 damage)
             ... with a puff of flame
             ... on level 5 of the Dungeon.
             The game lasted 00:19:28 (4663 turns).

Urokeeper the Sneak (Spriggan Brigand)              Turns: 4663, Time: 00:19:29

Health: 0/32       AC:  3    Str:  7    XL:     6   Next: 61%
Magic:  0/7        EV: 19    Int: 13    God:    Wu Jian [*.....]
Gold:   131        SH:  0    Dex: 18    Spells: 5/5 levels left

rFire    . . .     SeeInvis +   w - +0 dagger (speed)
rCold    . . .     Faith    .   (shield restricted)
rNeg     . . .     Spirit   +   b - +0 robe
rPois    .         Reflect  .   (helmet restricted)
rElec    .         Harm     .   c - +0 cloak
rCorr    .         Rampage  .   (gloves unavailable)
Will     +....                  (boots unavailable)
Stlth    ++++......             p - amulet of guardian spirit
HPRegen  0.10/turn              (no ring)
MPRegen  0.10/turn              (no ring)

@: very quick
A: very small, no large weapons, unfitting armour, see invisible, speed 3
a: Renounce Religion


You were on level 5 of the Dungeon.
You worshipped Wu Jian.
Wu Jian was aware of your devotion.
You visited 1 branch of the dungeon, and saw 5 of its levels.

You collected 131 gold pieces.

Inventory:

Hand Weapons
 a - a +2 dagger
 h - a +2 dagger of draining
 j - a +2 vampiric short sword
 w - a +0 dagger of speed (weapon)
Missiles
 d - 19 poisoned darts
 e - a curare-tipped dart (quivered)
 t - 3 boomerangs
Armour
 b - a +0 robe (worn)
 c - a +0 cloak (worn)
Jewellery
 p - an amulet of guardian spirit (around neck)
Wands
 o - a wand of iceblast (10)
Scrolls
 g - a scroll of teleportation
 i - a scroll of fog
 n - a scroll of fear {unknown}
 q - 2 scrolls of identify {unknown}
 v - a scroll of summoning {unknown}
Potions
 f - 3 potions of curing
 k - a potion of mutation {unknown}
 l - a potion of invisibility {unknown}
 m - a potion of brilliance {unknown}
 r - a potion of flight {unknown}
 s - 2 potions of attraction {unknown}
 u - a potion of magic
 x - a potion of lignification {unknown}


   Skills:
 + Level 3.0 Fighting
 + Level 3.9 Short Blades
 + Level 3.5 Throwing
 + Level 4.1 Dodging
 + Level 7.5 Stealth


You had 5 spell levels left.
You didn't know any spells.
Your spell library was empty.

Dungeon Overview and Level Annotations

Branches:
Dungeon (5/15)             Temple (0/1) D:4

Altars:
Kikubaaqudgha
Nemelex Xobeh
Qazlal
Wu Jian
Zin

Shops:
D:1 :   D:3 ?

Annotations:
D:4 2 transporters, Pikel


Innate Abilities, Weirdness & Mutations

You are very small and have problems with some larger weapons.
You are too small for most types of armour.
You have supernaturally acute eyesight. (SInv)
You cover ground extremely quickly. (Speed+++)


Message History

The orc wizard hits you with a +0 dagger.
You barely miss the orc wizard.
The orc wizard is lightly wounded.
The orc shouts!
You hit the orc wizard.
The orc wizard is lightly wounded.
The orc wizard misses you.
You hit the orc wizard.
The orc wizard is moderately wounded.
You hit the orc wizard but do no damage.
The orc wizard is moderately wounded.
The orc wizard completely misses you.
You hit the orc wizard but do no damage.
The orc wizard is moderately wounded.
You hit the orc wizard but do no damage.
The orc wizard is moderately wounded.
The orc wizard hits you but does no damage.
The orc hits you with a +0 flail.
Throw: 2 darts (curare)
Press: ? - help, Q - select action, (/) - cycle Shift-Dir - straight line, f - orc wizard
Aim: an orc wizard, wielding a +0 dagger and wearing a +0 robe (moderately wounded, 56% to hit)
You throw a curare-tipped dart.
The curare-tipped dart hits the orc wizard.
The orc wizard is poisoned.
The orc wizard convulses.
The orc wizard seems to slow down.
The orc wizard is heavily wounded.
The orc wizard points at you and mumbles some strange words.
The puff of flame hits you!
* * * LOW HITPOINT WARNING * * *
The orc misses you.
You hit the orc wizard but do no damage.
The orc wizard is heavily wounded.
You hit the orc wizard.
The orc wizard is severely wounded.
The orc barely misses you.
You hit the orc wizard but do no damage.
The orc wizard is severely wounded.
The orc wizard points at you and mumbles some strange words.
The puff of flame hits you!
You die...

##### #...
#####.##
#......########
#..).#.<......Y
#...o..#######.
##.##@## #.##o#
#:##.# #.##!#
.o##.# o.##..
.o##.. ...##.#


You could see an orc wizard (very poisoned, slow) and an orc.

Vanquished Creatures
  An orc warrior (D:3)
  A centaur (D:5)
  Crazy Yiuf (D:3)
  An iguana (D:4)
  2 orc wizards
  Robin (D:4)
  3 adders
  A dart slug (D:1)
  9 orcs
  3 bats
  4 endoplasms
  2 giant cockroaches
  18 goblins
  11 hobgoblins
  4 jackals (D:2)
  6 quokkas
  2 ball pythons (D:2)
  3 frilled lizards
  8 kobolds
  3 rats (D:2)
84 creatures vanquished.

Notes
Turn   | Place    | Note
-------+----------+-------------------------------------------
     0 | D:1      | Urokeeper the Spriggan Brigand began the quest for the Orb.
     0 | D:1      | Reached XP level 1. HP: 10/10 MP: 2/2
   208 | D:1      | Reached skill level 6 in Stealth
   531 | D:1      | Reached XP level 2. HP: 15/15 MP: 3/3
  1241 | D:1      | Found Jodoix's Book Shoppe.
  1366 | D:2      | Reached XP level 3. HP: 12/18 MP: 4/4
  2415 | D:2      | Reached XP level 4. HP: 23/23 MP: 5/5
  2418 | D:2      | Found a faded altar of an unknown god.
  2748 | D:3      | Found a sparkling altar of Nemelex Xobeh.
  2779 | D:3      | Found a glowing silver altar of Zin.
  2937 | D:3      | Noticed an orc warrior
  2966 | D:3      | Killed an orc warrior
  2967 | D:3      | Reached skill level 7 in Stealth
  2967 | D:3      | Reached XP level 5. HP: 26/27 MP: 6/6
  3090 | D:3      | Found an ornate altar of the Wu Jian Council.
  3138 | D:3      | Found a runed translucent door.
  3171 | D:3      | Became a worshipper of the Wu Jian Council
  3204 | D:3      | Noticed Crazy Yiuf
  3273 | D:3      | Found Goywiz's Magic Scroll Shoppe.
  3407 | D:3      | Killed Crazy Yiuf
  3555 | D:4      | Found a transporter.
  3670 | D:4      | Noticed a lemure
  3671 | D:4      | Noticed Pikel
  3689 | D:4      | Found an ancient bone altar of Kikubaaqudgha.
  3693 | D:4      | Noticed Robin
  4019 | D:4      | Reached * piety under Wu Jian
  4020 | D:4      | Reached XP level 6. HP: 32/32 MP: 7/7
  4153 | D:4      | Found a staircase to the Ecumenical Temple.
  4162 | D:4      | Found a transporter.
  4232 | D:4      | Killed Robin
  4342 | D:4      | Found a stormy altar of Qazlal.
  4592 | D:5      | Entered Level 5 of the Dungeon
  4592 | D:5      | Noticed an ice beast
  4663 | D:5      | Killed from afar by an orc wizard

Illustrated notes

Levels and vault maps discovered:
D:1:      evilmike_arrival_fibonacci_small, layout_basic, serial_shops,
          shop_statue, roderic_malta_cross
D:2:      minmay_evil_eye, layout_basic, shapermc_ecumenical_altar_venn
D:3:      layout_rooms, mainiacjoe_overflow_boulevard,
          nemelex_spade_bored_becter, nicolae_wu_jian_immortal_techniques,
          serial_corexii_hall, corexii_hall_statues_u,
          corexii_hall_statues_deadend, serial_shops, nicolae_shop_behind_doors,
          feat_on_display, uniq_crazy_yiuf_cottage
D:4:      gammafunk_steamed_eel, layout_cave_pools,
          mainiacjoe_overflow_catch_the_wave, temple_fountains,
          eino_tiny_chamber, hangedman_decor_points, uniq_robin, uniq_pikel
D:5:      layout_loops_ring, general_overflow_altar

Skill      XL: |  1  2  3  4  5  6 |
---------------+-------------------+-----
Stealth        | 6 7 |  7.5
Dodging        | 2 3 4 |  4.1
Fighting       | 2 3 |  3.0
Short Blades   | 3 |  3.9
Throwing       | 3 |  3.5

Action                   |  1- 3 |  4- 6 || total
-------------------------+-------+-------++-------
Melee: Dagger            |    97 |    26 ||   123
       Short sword       |       |   115 ||   115
Throw: Dart              |    11 |     8 ||    19
       Boomerang         |       |    40 ||    40
Invok: Lunge             |       |     5 ||     5
       Whirlwind         |       |     1 ||     1
  Use: Scroll            |       |     2 ||     2
       Potion            |       |     2 ||     2
 Stab: Sleeping          |    13 |     7 ||    20
Armor: Robe              |    10 |    20 ||    30
Dodge: Dodged            |    52 |    83 ||   135
